 Dungeon Sprint DCSS version 0.17.1-3-g152610e (webtiles) character file.

12054 Kokonut the Unseen (level 11, -4/62 HPs)
             Began as a Spriggan Enchanter on Feb 27, 2016.
             Was the Champion of Dithmenos.
             Slain by a sun demon (18 damage)
             ... summoned by a mummy priest
             ... in the Dungeon (Sprint I: "Red Sonja").
             The game lasted 00:27:49 (2962 turns).

Kokonut the Unseen (Spriggan Enchanter)             Turns: 2962, Time: 00:27:49

Health: -4/62      AC:  5    Str:  4      XL:     11   Next: 57%
Magic:  9/22       EV: 26    Int: 16      God:    Dithmenos [******]
Gold:   894        SH:  0    Dex: 16 (17) Spells: 3 memorised, 28 levels left

rFire  . . .     SeeInvis +     a - +1 dagger
rCold  . . .     Clarity  .     s - +2 robe of the Archfiend {rElec SInv}
rNeg   . . .     SustAt   .     (shield restricted)
rPois  .         Gourm    .     (helmet restricted)
rElec  +         Spirit   .     v - +0 cloak {+Inv}
rCorr  .         Warding  .     (gloves unavailable)
rMut   .         NoTele   +     (boots unavailable)
MR     +....                    q - amulet of inaccuracy
Stlth  ++++++++++               (no ring)
                                (no ring)

@: lethally poisoned (-4 -> -8), mesmerised, very slightly contaminated,
wreathed by umbra, invisible, very quick, somewhat resistant to hostile
enchantments, uncannily stealthy
A: unfitting armour, see invisible, deterioration 1, dopey 2, herbivore 3, speed
3, low mp 2, slow metabolism 2, no device heal 1
a: Shadow Step, Shadow Form, Renounce Religion, Turn Visible


You were in the Dungeon.
You worshipped Dithmenos.
Dithmenos was exalted by your worship.
You were full.

You visited 1 branch You collected 1657 gold pieces.
You spent 763 gold pieces at shops.

Inventory:

Hand Weapons
 a - a +1 dagger (weapon)
Missiles
 m - 50 stones (quivered)
Armour
 b - a +1 robe
 l - the +0 robe of the Invisible Hand {rC+ Int+2}
   (You bought it in a shop in the Dungeon)

   It affects your intelligence (+2).
   It protects you from cold.
 s - the +2 robe of the Archfiend (worn) {rElec SInv}
   (You found it in the Dungeon)

   It insulates you from electricity.
   It lets you see invisible.
 t - a +2 cloak
 u - a +1 cloak of magic resistance
 v - a +0 cloak of invisibility (worn)
Jewellery
 q - an amulet of inaccuracy (around neck)
Wands
 p - a wand of slowing (21)
 w - a wand of enslavement (15)
 x - a wand of magic darts (12)
Scrolls
 j - a scroll of blinking
 k - a scroll of remove curse
 n - 2 scrolls of immolation {unknown}
 o - 2 scrolls of identify {unknown}
Potions
 e - 2 potions of curing
 f - 2 potions of heal wounds
 g - 2 potions of haste
 h - 2 potions of magic
 i - a potion of flight {unknown}
 r - a potion of invisibility {unknown}
Books
 c - a book of Maledictions

   Spells                             Type                      Level
   a - Corona                         Hexes                        1
   b - Ensorcelled Hibernation        Hexes/Ice                    2
   c - Confuse                        Hexes                        3
   d - Tukima's Dance                 Hexes                        3
   e - Dazzling Spray                 Conjuration/Hexes            3


   Skills:
 - Level 9.0 Fighting
 - Level 12.0 Short Blades
 + Level 10.8 Dodging
 - Level 18.8 Stealth
 - Level 12.1 Spellcasting
 + Level 16.4 Hexes
 - Level 13.6 Evocations


You had 28 spell levels left.
You knew the following spells:

 Your Spells              Type           Power        Failure   Level  Hunger
a - Corona                Hex            ######.      0%          1    None
b - Ensorcelled Hibernat  Hex/Ice        #####.       1%          2    None
c - Confuse               Hex            ######..     1%          3    None


Dungeon Overview and Level Annotations

Branches:
Dungeon (1/1)

Altars:
Cheibriados
Dithmenos
Elyvilon
Fedhas
Gozag
Kikubaaqudgha
Makhleb
Nemelex Xobeh
Okawaru
Qazlal
Ru
Sif Muna
Trog
Vehumet
Xom
Yredelemnul
Zin
The Shining One
Jiyva

Shops:
D ?[%:*}*[%*[:}[%[}


Innate Abilities, Weirdness & Mutations

You are tiny and cannot use many weapons and most armour.
You have supernaturally acute eyesight.
You are a herbivore.
You cover ground extremely quickly.
You need consume almost no food.
Your body sometimes deteriorates upon taking damage.
You are very dopey. (Int -4)
Your magical capacity is very low (-20% MP).
Potions and wands are less effective at restoring your health.


Message History

The siren dies!
The wasp completely misses you. The hellwing misses you.
The hellwing completely misses you.
You barely miss the wasp.
The wasp is lightly wounded.
You feel sick. The sun demon completely misses you.
The deep elf annihilator misses you. The wasp misses you.
You hit the wasp.
The wasp is moderately wounded.
The hellwing misses you. The hellwing closely misses you.
The sun demon completely misses you.
You closely miss the wasp.
The wasp is moderately wounded.
The wasp completely misses you. The deep elf annihilator misses you.
You strike the helpless wasp from behind!
You skewer the wasp like a kebab!!!
You kill the wasp!
Dithmenos accepts your kill.
You feel sick. The sun demon hits you!!
You die...

##################***************
§§§§§§§§§§§§§.#^^+,,,,*,,,,,,,,,*
§####§§§§§##..'^^#,,,,**,,,,,,,,*
.#,*##§§§#######'#,,,,,*****,,,,*
§#+*,###+#,,,*#..#,,,,,*,,,*,,,,*
##,,,*,*,**,,,#.)##,,,,*,∩,*,,,,*
§#,,,***,,***,#..≈###+**,,,*,,,,*
§+,,,,,**,*,*,#.@4.)#,****+*,,,,*
§#,,,,,*,,***,#ye34##+*,,,,**,,,*
.#**++**,**,,,#..≈##,,,,,,,,**,,*
##*,,***,,*+**#m.≈#,,,,,,,,,,*,,*
#***,,***,,,*,≈..##,,,,,,,,,,**,*
#,,*,,*,***,*M≈..#,,,,,,,,,,,,*,*
*,,,,,,,,,*,*##..#,,,,,,,,,,,,*,*
*,,,,,,,,,*,*,+..#*,,,,,,,,,,**,*
+,,,,,,****+*,**+**,,,,,,,,,,*,,*


You could see a deep elf annihilator, a mummy priest, a sun demon, a hellwing, a
siren, a blue devil and a wasp (wandering).

Vanquished Creatures
  A hydra (D)
  2 centaur warriors (D)
  Sonja (D)
  2 unseen horrors (D)
  A deep troll (D)
  A lindwurm (D)
  An oklob plant (D)
  3 shining eyes (D)
  A gargoyle (D)
  2 kobold demonologists (D)
  4 demonic crawlers (D)
  A slime creature (D)
  Sigmund (D)
  A yak (D)
  13 hogs (D)
  4 trapdoor spiders (D)
  7 necrophages (D)
  4 wasps (D)
  An ogre (D)
  8 jellies (D)
  Ijyb (D)
  5 giant eyeballs (D)
  A ballistomycete (D)
66 creatures vanquished.

Vanquished Creatures (others)
  A gargoyle (D)
  A siren (D)
  2 giant spores (D)
4 creatures vanquished.

Grand Total: 70 creatures vanquished

Notes
Turn   | Place    | Note
--------------------------------------------------------------
     0 | D        | Kokonut the Spriggan Enchanter began the quest for the Orb.
     0 | D        | Reached XP level 1. HP: 9/9 MP: 5/5
     1 | D        | Noticed Ijyb
    11 | D        | Killed Ijyb
    11 | D        | Reached skill level 6 in Stealth
    11 | D        | Reached XP level 2. HP: 13/13 MP: 6/8
    53 | D        | Learned a level 2 spell: Ensorcelled Hibernation
    53 | D        | Noticed an ogre
    56 | D        | Killed an ogre
    56 | D        | Reached skill level 8 in Stealth
    56 | D        | Reached XP level 3. HP: 14/16 MP: 9/9
    56 | D        | Reached XP level 4. HP: 18/21 MP: 11/11
    70 | D        | Learned a level 3 spell: Confuse
    72 | D        | Noticed Sigmund
    77 | D        | Killed Sigmund
    77 | D        | Reached skill level 5 in Short Blades
    77 | D        | Reached skill level 10 in Stealth
    77 | D        | Reached skill level 10 in Hexes
    77 | D        | Reached XP level 5. HP: 8/24 MP: 9/12
   271 | D        | Found a snail-covered altar of Cheibriados.
   271 | D        | Found a viscous altar of Jiyva.
   271 | D        | Found a shadowy altar of Dithmenos.
   271 | D        | Found a blossoming altar of Fedhas.
   271 | D        | Noticed a slime creature
   275 | D        | Became a worshipper of Dithmenos the Shadowed
   276 | D        | Killed a slime creature
   276 | D        | Reached skill level 11 in Stealth
   276 | D        | Reached XP level 6. HP: 28/28 MP: 13/16
   292 | D        | Found a deep blue altar of Sif Muna.
   292 | D        | Noticed a jelly
   294 | D        | Found a radiant altar of Vehumet.
   298 | D        | Killed a jelly
   298 | D        | Reached skill level 12 in Stealth
   322 | D        | Found Etifer's Antique Armour Emporium.
   322 | D        | Found a white marble altar of Elyvilon.
   322 | D        | Found a stormy altar of Qazlal.
   322 | D        | Found a burning altar of Makhleb.
   322 | D        | Found a sacrificial altar of Ru.
   322 | D        | Found a basalt altar of Yredelemnul.
   322 | D        | Found a glowing golden altar of the Shining One.
   322 | D        | Found a sparkling altar of Nemelex Xobeh.
   322 | D        | Found a shimmering altar of Xom.
   322 | D        | Found an opulent altar of Gozag.
   322 | D        | Found an ancient bone altar of Kikubaaqudgha.
   322 | D        | Found a glowing silver altar of Zin.
   322 | D        | Noticed a yak
   323 | D        | Found an iron altar of Okawaru.
   324 | D        | Killed a yak
   324 | D        | Reached * piety under Dithmenos
   324 | D        | Reached XP level 7. HP: 32/32 MP: 16/18
   325 | D        | Found a bloodstained altar of Trog.
   329 | D        | Bought a smoking robe for 142 gold pieces
   339 | D        | Identified the +0 robe of the Invisible Hand {rC+ Int+2} (You bought it in a shop in the Dungeon)
   356 | D        | Noticed Sonja
   360 | D        | Killed Sonja
   360 | D        | Reached skill level 14 in Stealth
   360 | D        | Reached XP level 8. HP: 36/36 MP: 19/22
   376 | D        | Found Xeruuze's Magic Scroll Boutique.
   384 | D        | Bought a scroll of magic mapping for 35 gold pieces
   397 | D        | Noticed a deep troll
   401 | D        | Killed a deep troll
   401 | D        | Reached skill level 10 in Short Blades
   401 | D        | Reached skill level 15 in Stealth
   401 | D        | Reached skill level 10 in Spellcasting
   413 | D        | Found Retaqi's Armour Emporium.
   438 | D        | Noticed a centaur warrior
   438 | D        | Noticed a centaur warrior
   440 | D        | Killed a centaur warrior
   440 | D        | Reached ** piety under Dithmenos
   440 | D        | Reached XP level 9. HP: 39/39 MP: 24/24
   442 | D        | Killed a centaur warrior
   442 | D        | Reached skill level 16 in Stealth
   450 | D        | Noticed a wasp
   453 | D        | Killed a wasp
   463 | D        | Noticed an oklob plant
   465 | D        | Killed an oklob plant
   465 | D        | Reached skill level 17 in Stealth
   465 | D        | Reached skill level 15 in Hexes
   494 | D        | Noticed a kobold demonologist
   495 | D        | Noticed a kobold demonologist
   498 | D        | Killed a kobold demonologist
   498 | D        | Reached *** piety under Dithmenos
   498 | D        | Reached skill level 1 in Fighting
   500 | D        | Killed a kobold demonologist
   500 | D        | Reached XP level 10. HP: 42/46 MP: 25/25
   506 | D        | Noticed a demonic crawler
   506 | D        | Noticed a demonic crawler
   506 | D        | Noticed a demonic crawler
   506 | D        | Noticed a demonic crawler
   511 | D        | Killed a demonic crawler
   511 | D        | Reached skill level 10 in Dodging
   513 | D        | Killed a demonic crawler
  1005 | D        | Noticed a trapdoor spider
  1007 | D        | Killed a trapdoor spider
  1013 | D        | Noticed a trapdoor spider
  1013 | D        | Noticed a trapdoor spider
  1018 | D        | Killed a trapdoor spider
  1018 | D        | Reached **** piety under Dithmenos
  1084 | D        | Noticed a trapdoor spider
  1087 | D        | Killed a trapdoor spider
  1089 | D        | Killed a trapdoor spider
  1089 | D        | Reached skill level 18 in Stealth
  1312 | D        | Noticed an unseen horror
  1313 | D        | Noticed an unseen horror
  1320 | D        | Killed an unseen horror
  1321 | D        | Killed an unseen horror
  1321 | D        | Reached skill level 5 in Fighting
  1334 | D        | Noticed a jelly
  1334 | D        | Noticed a jelly
  1334 | D        | Noticed a jelly
  1334 | D        | Noticed a jelly
  1334 | D        | Noticed a jelly
  1334 | D        | Noticed a jelly
  1334 | D        | Noticed a jelly
  1336 | D        | Noticed a necrophage
  1337 | D        | Noticed a necrophage
  1337 | D        | Noticed a necrophage
  1338 | D        | Killed a jelly
  1339 | D        | Noticed a necrophage
  1339 | D        | Noticed a necrophage
  1340 | D        | Killed a jelly
  1341 | D        | Killed a jelly
  1342 | D        | Noticed a necrophage
  1343 | D        | Killed a jelly
  1343 | D        | Reached ***** piety under Dithmenos
  1344 | D        | Killed a jelly
  1346 | D        | Killed a jelly
  1595 | D        | Killed a necrophage
  1609 | D        | Killed a jelly
  1619 | D        | Killed a necrophage
  1624 | D        | Killed a necrophage
  1628 | D        | Found Meudwia's Antique Armour Boutique.
  1628 | D        | Found Numompuw's Book Shoppe.
  1629 | D        | Found Uqiwka's Assorted Antiques.
  1629 | D        | Found Mauqo's Food Emporium.
  1629 | D        | Noticed a necrophage
  1630 | D        | Found Quidal's Gadget Emporium.
  1655 | D        | Killed a necrophage
  1659 | D        | Killed a necrophage
  1667 | D        | Killed a necrophage
  1673 | D        | Killed a necrophage
  1688 | D        | Found Foeti's Gadget Boutique.
  1688 | D        | Found Koxtitoc's Book Shoppe.
  1688 | D        | Found Wamat's Antique Armour Shop.
  1688 | D        | Found Veafaek's Assorted Antiques.
  1688 | D        | Found Erghon's Food Boutique.
  1688 | D        | Found Temmugic's Antique Armour Shoppe.
  1688 | D        | Found Ibroe's Assorted Antiques.
  1689 | D        | Found Avvant's Gadget Emporium.
  1694 | D        | Found Kedeuv's Food Shop.
  1712 | D        | Got a shadowed robe
  1723 | D        | Identified the +2 robe of the Archfiend {rElec SInv} (You found it in the Dungeon)
  1737 | D        | Bought a runed cloak for 117 gold pieces
  1737 | D        | Bought a runed cloak for 117 gold pieces
  1741 | D        | Bought an embroidered cloak for 81 gold pieces
  1814 | D        | Killed a demonic crawler
  2035 | D        | Killed a demonic crawler
  2035 | D        | Reached ****** piety under Dithmenos
  2054 | D        | Noticed a lindwurm
  2058 | D        | Killed a lindwurm
  2058 | D        | Reached XP level 11. HP: 44/58 MP: 28/28
  2076 | D        | Noticed a hog
  2076 | D        | Noticed a hog
  2076 | D        | Noticed a hog
  2076 | D        | Noticed a hog
  2076 | D        | Noticed a hog
  2076 | D        | Noticed a hog
  2077 | D        | Noticed a hog
  2078 | D        | Killed a hog
  2079 | D        | Killed a hog
  2080 | D        | Noticed a hog
  2081 | D        | Killed a hog
  2082 | D        | Killed a hog
  2083 | D        | Noticed a hog
  2083 | D        | Noticed a hog
  2083 | D        | Noticed a hog
  2083 | D        | Noticed a hog
  2083 | D        | Noticed a hog
  2192 | D        | Killed a hog
  2194 | D        | Killed a hog
  2204 | D        | Killed a hog
  2211 | D        | Killed a hog
  2213 | D        | Killed a hog
  2215 | D        | Killed a hog
  2219 | D        | Killed a hog
  2219 | D        | Reached skill level 10 in Evocations
  2225 | D        | Killed a hog
  2227 | D        | Killed a hog
  2233 | D        | Noticed a 12-headed hydra
  2235 | D        | Killed a 12-headed hydra
  2420 | D        | Noticed a gargoyle
  2468 | D        | Killed a gargoyle
  2576 | D        | Bought a wand of magic darts (15) for 71 gold pieces
  2577 | D        | Bought a potion of heal wounds for 95 gold pieces
  2692 | D        | Killed a gargoyle
  2746 | D        | Noticed a shining eye
  2746 | D        | Noticed a shining eye
  2746 | D        | Noticed a shining eye
  2747 | D        | Noticed a shining eye
  2747 | D        | Noticed a shining eye
  2747 | D        | Noticed a shining eye
  2749 | D        | Noticed a shining eye
  2749 | D        | Noticed a shining eye
  2756 | D        | Killed a shining eye
  2757 | D        | Paralysed by a giant eyeball for 2 turns
  2759 | D        | Gained mutation: You are dopey. (Int -2) [a shining eye]
  2760 | D        | Killed a shining eye
  2760 | D        | Gained mutation: You are very dopey. (Int -4) [a shining eye]
  2763 | D        | Killed a shining eye
  2775 | D        | Bought a scroll of remove curse for 30 gold pieces
  2776 | D        | Bought a scroll of holy word for 75 gold pieces
  2780 | D        | Gained mutation: Your magical capacity is low (-10% MP). [a shining eye]
  2781 | D        | Paralysed by a giant eyeball for 2 turns
  2782 | D        | Gained mutation: Your body sometimes deteriorates upon taking damage. [a shining eye]
  2896 | D        | Gained mutation: Your magical capacity is very low (-20% MP). [a shining eye]
  2899 | D        | Gained mutation: Potions and wands are less effective at restoring your health. [a shining eye]
  2942 | D        | Noticed a siren
  2942 | D        | Noticed a deep elf annihilator
  2944 | D        | Noticed a hellwing
  2945 | D        | Noticed a siren
  2946 | D        | Noticed a wasp
  2946 | D        | Noticed a wasp
  2947 | D        | Noticed a mummy priest
  2947 | D        | Noticed a wasp
  2947 | D        | Noticed a wasp
  2952 | D        | Killed a wasp
  2954 | D        | Killed a wasp
  2955 | D        | Noticed a sun demon
  2958 | D        | Killed a siren
  2962 | D        | Killed a wasp
  2962 | D        | Slain by a sun demon

Action                   |  1- 3 |  4- 6 |  7- 9 | 10-12 || total
-------------------------+-------+-------+-------+-------++-------
Melee: Dagger            |     8 |     5 |     9 |   151 ||   173
 Cast: Ensorcelled Hiber |       |     1 |       |    21 ||    22
       Confuse           |       |       |       |    24 ||    24
 Abil: Evoke Invisibilit |       |       |       |     1 ||     1
Evoke: Wand              |       |       |       |     3 ||     3
  Use: Potion            |     1 |       |       |     1 ||     2
       Scroll            |       |       |     1 |     2 ||     3
 Stab: Sleeping          |     1 |     4 |     9 |    36 ||    50
       Confused          |       |       |       |     9 ||     9
       Distracted        |       |       |       |     2 ||     2
       Invisible         |       |       |       |     1 ||     1
  Eat: Bread ration      |       |       |       |     1 ||     1
